 Dungeon Crawl Stone Soup version 0.21.1-1-g345015fe64 (webtiles) character file.

110 Htamos the Gusty (level 4, -3/24 HPs)
             Began as a Tengu Air Elementalist on July 10, 2018.
             Killed from afar by Htamos's ghost (9 damage)
             ... with a zap
             ... on level 4 of the Dungeon.
             The game lasted 00:07:53 (3028 turns).

Htamos the Gusty (Tengu Air Elementalist)           Turns: 3028, Time: 00:07:54

Health: -3/24      AC:  4    Str:  8    XL:     4   Next: 91%
Magic:  6/9        EV: 13    Int: 17    God:
Gold:   82         SH:  0    Dex: 14    Spells: 8/9 levels left

rFire    . . .     SeeInvis .   k - +3 dagger (venom)
rCold    . . .     Gourm    .   (no shield)
rNeg     . . .     Faith    .   a - +1 robe
rPois    .         Spirit   .   (helmet restricted)
rElec    .         Reflect  .   (no cloak)
rCorr    .         Harm     .   u - +0 pair of gloves
MR       .....                  (boots unavailable)
Stlth    ++........             j - amulet of magic regeneration
HPRegen  0.08/turn              (no ring)
MPRegen  0.36/turn              (no ring)

@: very slightly contaminated
A: beak, talons 3
a: no special abilities


You were on level 4 of the Dungeon.
You were hungry.

You visited 1 branch of the dungeon, and saw 4 of its levels.

You collected 82 gold pieces.

Inventory:

Hand Weapons
 e - a +0 dagger
 k - a +3 dagger of venom (weapon)
Armour
 a - a +1 robe (worn)
 p - a +0 large shield
 u - a +0 pair of gloves (worn)
Jewellery
 j - an amulet of magic regeneration (around neck)
 m - an uncursed ring of ice
Wands
 s - a wand of paralysis (2)
Scrolls
 g - 4 scrolls of identify
 h - a scroll of random uselessness {unknown}
 n - 2 scrolls of remove curse
 q - a scroll of enchant armour
 t - 2 scrolls of teleportation
Potions
 d - 2 potions of cancellation {unknown}
 f - a potion of brilliance {unknown}
 i - 2 potions of agility {unknown}
 l - a potion of ambrosia {unknown}
 o - a potion of berserk rage {unknown}
 r - 3 potions of invisibility {unknown}
 v - 2 potions of haste {unknown}
Books
 b - a book of Air

   Spells                             Type                      Level
   a - Shock                          Conjuration/Air              1
   b - Swiftness                      Charms/Air                   2
   c - Static Discharge               Conjuration/Air              3
   d - Airstrike                      Air                          4
   e - Lightning Bolt                 Conjuration/Air              5
Comestibles
 c - 8 rations


   Skills:
 + Level 0.1 Fighting
 + Level 2.4 Dodging
 - Level 2.0 Stealth
 + Level 3.1 Spellcasting
 - Level 1.3 Conjurations
 + Level 6.0 Air Magic


You had 8 spell levels left.
You knew the following spells:

 Your Spells              Type           Power        Failure   Level  Hunger
a - Shock                 Conj/Air       ###.         3%          1    None


Dungeon Overview and Level Annotations

Branches:
Dungeon (4/15)
 Temple: D:4-7

Altars:
Elyvilon

Annotations:
D:4 Htamos's ghost, amateur TeAE


Innate Abilities, Weirdness & Mutations

You have a beak for a mouth.
You have claws for feet.


Message History

The zap hits you!
Casting: Shock
Confirm with . or Enter, or press ? or * to list all spells.
Aiming: Shock
Press: ? - help, Shift-Dir - straight line, f/p - Htamos's ghost
Aim: Htamos's ghost (heavily damaged)
You miscast Shock.
You are very lightly contaminated with residual magic.
Nothing appears to happen.
You completely miss Htamos's ghost.
Htamos's ghost is heavily damaged.
You hit Htamos's ghost but do no damage.
Htamos's ghost is heavily damaged.
Htamos's ghost hits you but does no damage.
Htamos's ghost points at you and mumbles some strange words.
The zap hits you!
* * * LOW HITPOINT WARNING * * *
Htamos's ghost casts a spell at you. The zap hits you!
You die...

#..# #..# #... #..##
#..# #... #..## #..#
#... ##..## #..# #...
##..## #..# #...
#..W# #..# #...
##..## #..# ##...
#...# #..####....
##.@## #......<...
#...### #..........
##..)..#####.....#..
#.......## ######...
#........### ###...
#...###.....####.....
#...##
#.............. ....#
#............## ...#
#...##########


You could see Htamos's ghost.

Vanquished Creatures
  An iguana (D:3)
  An adder (D:3)
  An ooze (D:3)
  3 worms
  2 leopard geckos (D:1)
  5 orcs
  A ball python (D:3)
  12 goblins
  4 hobgoblins
  4 jackals
  A quokka (D:2)
  2 bats
  3 frilled lizards
  5 kobolds
  10 rats
55 creatures vanquished.

Notes
Turn   | Place    | Note
-------+----------+-------------------------------------------
     0 | D:1      | Htamos the Tengu Air Elementalist began the quest for the Orb.
     0 | D:1      | Reached XP level 1. HP: 10/10 MP: 4/4
   117 | D:1      | Reached XP level 2. HP: 15/15 MP: 3/6
   472 | D:1      | Reached skill level 5 in Air Magic
   677 | D:1      | Reached XP level 3. HP: 19/19 MP: 4/7
  2297 | D:3      | Reached XP level 4. HP: 24/24 MP: 3/9
  2757 | D:3      | Found a white marble altar of Elyvilon.
  2842 | D:3      | Reached skill level 6 in Air Magic
  3013 | D:4      | Noticed Htamos's ghost (amateur TeAE)
  3028 | D:4      | Killed from afar by Htamos's ghost

Skill      XL: |  1  2  3  4 |
---------------+-------------+-----
Air Magic      | 5 6 |  6.0
Spellcasting   | 3 |  3.1
Fighting       | |  0.1
Dodging        | |  2.4
Stealth        | |  2.0
Conjurations   | |  1.3

Action                   |  1- 3 |  4- 6 || total
-------------------------+-------+-------++-------
Melee: Dagger            |    18 |     2 ||    20
       Kick              |     2 |       ||     2
 Cast: Shock             |   105 |    43 ||   148
  Use: Scroll            |     7 |     1 ||     8
  Eat: Chunk             |     4 |     3 ||     7
Armor: Robe              |     6 |     1 ||     7
Dodge: Dodged            |    20 |     8 ||    28
